 Dungeon Crawl Stone Soup version 0.19.1-1-g22dce08 (webtiles) character file.

130 Alarkh the Chopper (level 4, 0/35 HPs)
             Began as a Demonspawn Monk on Jan 11, 2017.
             Succumbed to a worker ant's poison
             ... on level 5 of the Dungeon.
             The game lasted 00:02:47 (2239 turns).

Alarkh the Chopper (Demonspawn Monk)                Turns: 2239, Time: 00:02:47

Health: 0/35       AC:  4    Str: 11    XL:     4   Next: 90%
Magic:  4/4        EV: 13    Int: 13    God:
Gold:   168        SH:  0    Dex: 15    Spells: 0 memorised, 3 levels left

rFire  . . .     SeeInvis .     a - +0 hand axe
rCold  . . .     Gourm    .     m - +1 leather armour {MR+}
rNeg   . . .     Faith    .     (no shield)
rPois  .         Spirit   .     (no helmet)
rElec  .         Reflect  .     (no cloak)
rCorr  .         Harm     .     (no gloves)
MR     +....                    (no boots)
Stlth  +++.......               (no amulet)
                                (no ring)
                                (no ring)

@: lethally poisoned (0 -> -19)
A: nightstalker 1, powered by pain 1
a: no special abilities


You were on level 5 of the Dungeon.
You were not hungry.

You visited 1 branch of the dungeon, and saw 5 of its levels.

You collected 168 gold pieces.

Inventory:

Hand Weapons
 a - a +0 hand axe (weapon)
Armour
 b - a +0 robe
 m - a +1 leather armour of magic resistance (worn)
Jewellery
 e - an uncursed amulet of magic regeneration {unknown}
 f - an uncursed ring of fire
Scrolls
 g - a scroll of teleportation {unknown}
 h - 3 scrolls of remove curse
 i - 2 scrolls of identify {unknown}
 l - 3 scrolls of random uselessness
 n - a scroll of noise {unknown}
Comestibles
 c - 5 bread rations
 d - 3 meat rations


   Skills:
 + Level 3.4 Fighting
 + Level 3.5 Axes
 + Level 0.5 Armour
 + Level 3.5 Dodging
 + Level 2.9 Stealth


You had 3 spell levels left.
You didn't know any spells.

Dungeon Overview and Level Annotations

Branches:
Dungeon (5/15)
 Temple: D:4-7

Altars:
Makhleb
The Shining One

Annotations:
D:4 Paps's ghost, amateur DsFi


Innate Abilities, Weirdness & Mutations

You are slightly more attuned to the shadows.
You sometimes gain a little power by taking damage.


Message History

You are too injured to fight recklessly!
You are too injured to fight recklessly!
You aren't carrying any potions.
You feel sick. The worker ant bites you.
* * * LOW HITPOINT WARNING * * *
You hit the worker ant but do no damage.
The worker ant is moderately wounded.
* * * LOW HITPOINT WARNING * * *
You feel sick.
The worker ant bites you but does no damage.
You completely miss the worker ant.
The worker ant is moderately wounded.
* * * LOW HITPOINT WARNING * * *
You feel sick. The worker ant bites you.
* * * LOW HITPOINT WARNING * * *
You are more poisoned.
The worker ant poisons you!
Unknown command.
Unknown command.
You die...

#.. ##.# ..##
... #. #.# # #
#.##.##.#.#
###.#@.a....#
........##.###
...#.......#
....#...####
...##.## ...
#.# .. #.####
#....# ####.#


You could see a worker ant.

Vanquished Creatures
  A jelly (D:4)
  A hound (D:4)
  An adder (D:2)
  A worm (D:3)
  2 dart slugs
  4 leopard geckos
  An orc (D:4)
  4 giant cockroaches
  5 goblins
  5 hobgoblins
  4 jackals
  2 kobolds
  A quokka (D:2)
  A ball python (D:2)
  3 bats
  3 frilled lizards
  5 rats
44 creatures vanquished.

Notes
Turn   | Place    | Note
-------+----------+-------------------------------------------
     0 | D:1      | Alarkh the Demonspawn Monk began the quest for the Orb.
     0 | D:1      | Reached XP level 1. HP: 18/18 MP: 1/1
   178 | D:1      | Gained mutation: You are slightly more attuned to the shadows. [demonic ancestry]
   178 | D:1      | Reached XP level 2. HP: 24/24 MP: 2/2
   971 | D:2      | Found a burning altar of Makhleb.
  1024 | D:2      | Gained mutation: You sometimes gain a little power by taking damage. [demonic ancestry]
  1024 | D:2      | Reached XP level 3. HP: 29/29 MP: 3/3
  1584 | D:3      | Found a glowing golden altar of the Shining One.
  1791 | D:4      | Reached XP level 4. HP: 34/35 MP: 4/4
  2057 | D:4      | Noticed Paps's ghost (amateur DsFi)
  2158 | D:5      | Entered Level 5 of the Dungeon
  2238 | D:5      | HP: 1/35 [worker ant (3)]
  2239 | D:5      | Succumbed to a worker ant's poison

Skill      XL: |  1  2  3 |
---------------+----------+-----
Dodging        | 3 |  3.5
Stealth        | 2 |  2.9
Axes           | 3 |  3.5
Fighting       | |  3.4
Armour         | |  0.5

Action                   |  1- 3 |  4- 6 || total
-------------------------+-------+-------++-------
Melee: Hand axe          |    89 |    43 ||   132
  Use: Potion            |     2 |     2 ||     4
       Scroll            |     2 |       ||     2
 Stab: Sleeping          |    15 |       ||    15
  Eat: Chunk             |     3 |     1 ||     4
Armor: Robe              |    12 |       ||    12
       Leather armour    |     3 |    19 ||    22
Dodge: Dodged            |    54 |    39 ||    93
